 Dungeon Crawl Stone Soup version 0.19-a0-1632-g9dea0c8 (webtiles) character file.

385 goodcoolguy the Ruffian (level 6, 0/59 HPs)
             Began as a Troll Fighter on Sept 22, 2016.
             Slain by a gnoll
             ... wielding a +0 halberd
              (12 damage)
             ... on level 3 of the Dungeon.
             The game lasted 00:05:00 (2022 turns).

goodcoolguy the Ruffian (Troll Fighter)             Turns: 2022, Time: 00:05:01

Health: 0/59       AC:  5    Str: 25    XL:     6   Next: 48%
Magic:  5/5        EV:  9    Int:  4    God:
Gold:   150        SH: 10    Dex: 11    Spells: 0 memorised, 5 levels left

rFire  . . .     SeeInvis .       - Unarmed
rCold  . . .     Gourm    +     a - +0 robe
rNeg   . . .     Faith    .     b - +0 shield
rPois  .         Spirit   .     (helmet restricted)
rElec  .         Dismiss  .     (no cloak)
rCorr  .         Reflect  .     (gloves unavailable)
MR     .....     Harm     .     (boots unavailable)
Stlth  +.........               (no amulet)
                                (no ring)
                                (no ring)

@: no status effects
A: unfitting armour, claws 3, fast metabolism 3, gourmand, regeneration 1,
shaggy fur 1, tough skin 2
a: no special abilities


You were on level 3 of the Dungeon.
You were not hungry.

You visited 1 branch of the dungeon, and saw 3 of its levels.

You collected 150 gold pieces.

Inventory:

Hand Weapons
 r - a +0 blowgun
Missiles
 u - 8 curare-tipped needles
Armour
 a - a +0 robe (worn)
 b - a +0 shield (worn)
Jewellery
 j - an uncursed ring of resist corrosion {unknown}
Wands
 s - a wand of iceblast (7/15)
Scrolls
 g - 3 scrolls of remove curse {unknown}
 i - a scroll of immolation {unknown}
 l - a scroll of recharging {unknown}
 m - 2 scrolls of amnesia {unknown}
 n - a scroll of fear {unknown}
 p - 3 scrolls of fog {unknown}
 q - a scroll of teleportation {unknown}
 v - 2 scrolls of identify {unknown}
Potions
 c - 2 potions of might
 e - a potion of flight {unknown}
 h - 2 potions of curing
Comestibles
 d - 4 bread rations
 f - 5 fruits
 k - 4 meat rations
 o - a slice of pizza
 t - a beef jerky


   Skills:
 - Level 2.4 Fighting
 - Level 2.4 Dodging
 + Level 4.7 Shields
 + Level 4.9 Unarmed Combat


You had 5 spell levels left.
You didn't know any spells.

Dungeon Overview and Level Annotations

Branches:
Dungeon (3/15)
 Temple: D:3-6         Lair: D:-1         Crypt: Vaults:-1

Altars:
Gozag


Innate Abilities, Weirdness & Mutations

You are too large for most types of armour.
You have claws for hands.
Your metabolism is lightning-fast.
You like to eat raw meat.
Your natural rate of healing is unusually fast.
You are covered in fur. (AC +1)
You have very tough skin. (AC +2)


Message History

You block the gnoll's attack. x2
You closely miss the gnoll.
The gnoll is severely wounded.
You block the gnoll's attack. x2
You closely miss the gnoll.
The gnoll is severely wounded.
The gnoll hits you with a whip!
You closely miss the gnoll.
The gnoll is severely wounded.
The gnoll hits you from afar with a halberd!
* * * LOW HITPOINT WARNING * * *
The gnoll hits you but does no damage.
You are too injured to fight recklessly!
You are too injured to fight recklessly!
You are too injured to fight recklessly!
You are too injured to fight recklessly!
You claw the gnoll!
You kill the gnoll!
The gnoll hits you from afar with a halberd!
You die...

#..........####
#..........##..
###........##..
#.........##..
#.........##..
###########.........##..
...%................##..
......).....##########..
......)@....# #..
.....g......# #..
..(.........# #..
#######<##### #.. ###
#.. #.. #.. #.. ##.


You could see a gnoll.

Vanquished Creatures
  Sigmund (D:3)
  A hound (D:3)
  10 gnolls
  An adder (D:3)
  2 oozes
  2 dart slugs (D:2)
  An orc (D:3)
  9 bats
  7 giant cockroaches
  9 goblins
  8 hobgoblins
  2 jackals (D:2)
  2 quokkas (D:2)
  2 ball pythons
  A frilled lizard (D:1)
  8 kobolds
  10 rats
76 creatures vanquished.

Vanquished Creatures (others)
  A frilled lizard (D:1)
1 creature vanquished.

Grand Total: 77 creatures vanquished

Notes
Turn   | Place    | Note
-------+----------+-------------------------------------------
     0 | D:1      | goodcoolguy the Troll Fighter began the quest for the Orb.
     0 | D:1      | Reached XP level 1. HP: 22/22 MP: 0/0
   177 | D:1      | Reached XP level 2. HP: 27/29 MP: 1/1
   745 | D:2      | Reached XP level 3. HP: 36/36 MP: 2/2
  1162 | D:2      | Reached XP level 4. HP: 30/44 MP: 3/3
  1446 | D:3      | Found a faded altar of an unknown god.
  1456 | D:3      | Reached XP level 5. HP: 50/50 MP: 4/4
  1589 | D:3      | Became a worshipper of Gozag Ym Sagoz the Greedy
  1589 | D:3      | smh
  1589 | D:3      | Fell from the grace of Gozag
  1825 | D:3      | Noticed Sigmund
  1850 | D:3      | Killed Sigmund
  1850 | D:3      | Reached XP level 6. HP: 33/59 MP: 5/5
  2022 | D:3      | Slain by a gnoll

Vault maps used:
D:1:      shiori_arrival_elements
D:3:      ecumenical_altar_2, first_bread, minmay_misc_feat_nine_boxes,
          hangedman_decor_clover_reticule, lightli_corner_chamber, uniq_sigmund

Skill      XL: |  1  2  3  4  5 |
---------------+----------------+-----
Shields        | 3 4 |  4.7
Unarmed Combat | 3 4 |  4.9
Fighting       | |  2.4
Dodging        | |  2.4

Action                   |  1- 3 |  4- 6 || total
-------------------------+-------+-------++-------
Melee: Unarmed           |   117 |   140 ||   257
Invok: Renounce Religion |       |     1 ||     1
  Eat: Chunk             |    15 |     5 ||    20
Armor: Robe              |    57 |    33 ||    90
Dodge: Dodged            |    46 |    34 ||    80
Block: Shield            |    52 |    67 ||   119
